AoeStats
← thesuq

Arabia

510279039Analyzed
1v1 RM · 23h ago on Sep 30, 2026· 62m 2s· 2 players
Game mode
Random Map
Map size
Tiny (2 player)
Population
200
Speed
Normal
Resources
Standard
Victory
Conquest
Starting age
Dark Age
Ending age
Imperial Age
RankedLock teamsTeams togetherTeam positionsShared explorationLock speedFull tech treeHidden civsTurbo modeCheats
Victory
Defeat
🇨🇳 Romans · China
819
+16
🇬🇧 Huns · United Kingdom
813
-16
thesuq
5:11 Loom
11:25 Feudal Age
17:48 Castle Age
15:40 Double-Bit Axe
16:40 Horse Collar
17:36 Fletching
21:46 Forging
23:27 Scale Barding Armor
26:46 Stone Mining
28:09 Bow Saw
29:33 Bloodlines
33:14 Wheelbarrow
33:57 Heavy Plow
35:20 Bodkin Arrow
35:21 Town Watch
36:36 Gold Mining
38:12 Hand Cart
39:55 Ballistics
40:17 Iron Casting
43:04 Chain Barding Armor
52:24 Light Cavalry
53:52 Husbandry
59351599
7:47 Loom
10:13 Feudal Age
10:25 Man-at-Arms
12:33 Scale Mail Armor
19:32 Castle Age
19:42 Pikeman
22:28 Double-Bit Axe
24:37 Long Swordsman
27:16 Chain Mail Armor
33:55 Bow Saw
33:31 Horse Collar
38:53 Imperial Age
39:26 Wheelbarrow
42:17 Conscription
46:33 Fletching
47:28 Sappers
49:26 Squires
50:35 Forging
50:21 Bodkin Arrow
50:10 Halberdier
50:59 Gold Mining
50:59 Stone Mining
51:57 Legionary
58:45 Iron Casting
63:07 Blast Furnace
62:40 Comitatenses
Connection lost

Rejoining the realm…

Still unreachable

The connection could not be restored.

Session expired

The server has moved on; the page needs a fresh start.